Map: Ruins of Seras

Players

msd

  • Race: Zerg Zerg
  • League: Grandmaster

SticklerMac - Winner!

  • Race: Zerg Zerg
  • League: Grandmaster

VOD

Have the link to the VOD?

Description

Time

  • Played on: June 10, 2015, 8:52 p.m.
  • Length: 7:53
Show
View Real Time Build Order
Export as new Build Order

msd Zerg 

Build Orders: Pool First 

Get SALT Encoding   

  12  0:02  Drone  
  13  0:11  Drone  
  14  0:17  Overlord  
  14  0:36  Drone x2  
  14  0:37  Drone  
  17  0:48  Spawning Pool  
  17  0:49  Drone  
  17  0:58  Drone, Extractor  
  17  1:09  Drone  
  18  1:26  Drone  
  18  1:28  Hatchery  
  18  1:30  Overlord  
  18  1:39  Queen  
  20  1:45  Drone  
  21  2:01  Drone  
  22  2:14  Metabolic Boost  
  22  2:22  Drone x2  
  24  2:32  Drone  
  24  2:36  Overlord  
  25  2:43  Queen  
  27  2:46  Zergling x4  
  31  2:51  Zergling x8  
  31  2:52  Zergling x2  
  34  3:07  Zergling x4  
  36  3:17  Drone x2  
  38  3:25  Zergling x10  
  43  3:49  Zergling x2  
  43  3:57  Baneling Nest, Spine Crawler  
  43  3:59  Spine Crawler  
  43  4:00  Spine Crawler  
  39  4:12  Zergling x2  
  39  4:13  Zergling x8  
  44  4:28  Lair  
  44  4:35  Overlord x4  
  44  4:44  Overlord  
  44  5:05  Drone x11  
  52  5:34  Baneling x2  
  37  5:43  Zergling x18  
  37  5:44  Zergling x4  
  45  5:54  Zergling x2  
  45  5:55  Zergling x2  
  45  5:59  Zergling x2  
  30  6:27  Baneling  
  30  6:28  Baneling x4  
  30  6:29  Zergling x18  
  39  6:42  Spine Crawler  
  39  6:45  Spine Crawler x2  
  27  7:01  Zergling x2  
  27  7:02  Zergling x2  
  22  7:08  Zergling x2  
  22  7:09  Zergling x6  
Show
View Real Time Build Order
Export as new Build Order

SticklerMac Zerg - Winner!

Build Orders: Pool First, Zergling Baneling 

Get SALT Encoding   

  12  0:01  Drone  
  13  0:13  Overlord  
  13  0:18  Drone  
  14  0:33  Drone x2  
  16  0:35  Extractor  
  16  0:40  Drone  
  16  0:49  Spawning Pool  
  15  0:54  Drone  
  16  0:59  Drone  
  17  1:07  Drone  
  18  1:18  Drone  
  19  1:28  Overlord  
  19  1:35  Queen  
  19  1:37  Metabolic Boost  
  22  1:40  Drone  
  22  1:56  Hatchery  
  22  2:04  Zergling x2  
  22  2:17  Drone  
  23  2:27  Zergling x2  
  24  2:36  Zergling x2  
  25  2:44  Zergling x2  
  25  2:50  Zergling x4  
  28  3:09  Hatchery  
  28  3:11  Zergling x6  
  28  3:12  Zergling x2  
  31  3:28  Queen  
  31  3:30  Zergling x6  
  36  3:55  Overlord x3  
  36  3:56  Overlord  
  36  4:04  Baneling Nest  
  35  4:17  Drone  
  35  4:18  Drone x6  
  35  4:21  Queen  
  44  4:26  Zergling x2  
  44  4:29  Lair  
  44  4:31  Zergling x2  
  45  4:55  Baneling x10  
  45  4:57  Zergling x10  
  50  5:06  Drone x4  
  54  5:09  Zergling x2  
  54  5:10  Zergling x2  
  56  5:20  Zergling x6  
  56  5:21  Zergling x2  
  59  5:28  Zergling x6  
  58  5:39  Zergling x6  
  58  5:40  Zergling x6  
  58  5:41  Zergling x2  
  57  5:44  Zergling x2  
  57  5:46  Zergling x2  
  56  5:50  Drone  
  56  5:56  Zergling x4  
  47  6:22  Zergling x10  
  47  6:23  Zergling x4  
  54  6:28  Zergling x12  
  60  6:33  Baneling x9  
  60  6:38  Zergling x12  
  60  6:39  Zergling x2  
  65  7:00  Zergling x14  
  54  7:10  Zergling x2  
  54  7:11  Zergling x2  
  54  7:12  Zergling x2  
  54  7:13  Zergling x4  
  55  7:23  Zergling x6  
  55  7:24  Zergling x10  
  55  7:29  Zergling x6  
  61  7:30  Zergling x4  
  61  7:34  Baneling x5  
  61  7:35  Baneling x2  
Tags
 
Add a new tag
Caveats
  • Supply blocks, unpowered buildings, or Contaminate may cause inaccurate times.
  • Supply counts are checked every 10 seconds.